 Dungeon Crawl Stone Soup version 0.19.4-12-gccf7e64 (console) character file.

25317 Grinner the Grappler (level 12, -5/93 HPs)
             Began as a Troll Assassin on Feb 28, 2017.
             Slain by a slime creature (14 damage)
             ... on level 5 of the Pits of Slime.
             The game lasted 00:53:22 (10758 turns).

Grinner the Grappler (Troll Assassin)              Turns: 10758, Time: 00:53:24

Health: -5/93      AC: 12    Str: 29      XL:     12   Next: 88%
Magic:  8/11       EV: 10    Int:  5 (7)  God:
Gold:   704        SH: 15    Dex: 14      Spells: 0 memorised, 11 levels left

rFire  + . .     SeeInvis .       - Unarmed
rCold  + . .     Gourm    +     q - +1 steam dragon scales
rNeg   . . .     Faith    +     K - +2 shield of Resistance {rF+ rC+ MR+}
rPois  +         Spirit   .     (helmet restricted)
rElec  .         Reflect  .     d - +0 cloak
rCorr  +         Harm     .     (gloves unavailable)
MR     +++..                    (boots unavailable)
Stlth  ++........               P - amulet of faith
                                j - +4 ring of strength
                                L - ring of resist corrosion

@: slightly contaminated
A: unfitting armour, claws 3, hooves 1, yellow scales 1, fast metabolism 3,
frail 1, gourmand, magic resistance 2, poison resistance, regeneration 1,
screaming 1, shaggy fur 1, strong 1, tough skin 2
a: no special abilities


You were on level 5 of the Pits of Slime.
You were not hungry.

You visited 3 branches of the dungeon, and saw 21 of its levels.
You also visited: Ossuary.

You collected 704 gold pieces.

Inventory:

Hand Weapons
 a - a +2 dagger
 b - a +1 blowgun
Missiles
 e - 46 poisoned needles
 f - 10 curare-tipped needles
Armour
 d - a +0 cloak (worn)
 h - a +2 shield of protection
 q - +1 steam dragon scales (worn)
 K - the +2 shield of Resistance (worn) {rF+ rC+ MR+}
   (You found it on level 2 of the Lair of Beasts)

   It protects you from fire.
   It protects you from cold.
   It affects your resistance to hostile enchantments.
Magical Staves
 k - an uncursed staff of fire
Jewellery
 j - a +4 ring of strength (right claw)
 I - an uncursed ring of protection from fire
 L - a ring of resist corrosion (left claw)
 P - an amulet of faith (around neck)
Wands
 l - a wand of flame (0/48)
 v - a wand of digging (11/24)
 y - a wand of polymorph (11/24)
 D - a wand of flame (0/48)
Scrolls
 c - a scroll of enchant weapon
 i - 4 scrolls of identify
 m - 3 scrolls of fear
 r - a scroll of immolation
 u - a scroll of blinking
 w - 4 scrolls of remove curse
 J - a scroll of vulnerability
 M - 4 scrolls of recharging
Potions
 p - 2 potions of ambrosia
 G - a potion of brilliance
 N - 2 potions of cure mutation
Books
 C - a book of Clouds

   Spells                             Type                      Level
   a - Mephitic Cloud                 Conjuration/Poison/Air       3
   b - Conjure Flame                  Conjuration/Fire             3
   c - Poisonous Cloud                Conjuration/Poison/Air       6
   d - Freezing Cloud                 Conjuration/Ice/Air          6
   e - Ring of Flames                 Charms/Fire                  7
Miscellaneous
 n - a box of beasts
Comestibles
 g - 6 bread rations
 s - 31 fruits
 t - 4 meat rations
 x - 3 slices of pizza
 z - 2 beef jerkies
 A - a royal jelly


   Skills:
 + Level 2.9 Fighting
 - Level 1.5 Short Blades
 - Level 1.7 Throwing
 + Level 2.6 Armour
 + Level 2.4 Dodging
 - Level 2.1 Stealth
 - Level 12.0 Shields
 * Level 14.9 Unarmed Combat


You had 11 spell levels left.
You didn't know any spells.

Dungeon Overview and Level Annotations

Branches:
Dungeon (10/15)            Temple (0/1) D:5            Lair (6/6) D:10
  Slime (5/5) Lair:5          Orc (0/2) D:9
  Swamp: Lair:2-4    Shoals: Lair:2-4     Snake: Lair:2-4    Spider: Lair:2-4

Altars:
Jiyva

Annotations:
Slime:5 Royal Jelly


Innate Abilities, Weirdness & Mutations

You are too large for most types of armour.
You have claws for hands.
Your metabolism is lightning-fast.
You like to eat raw meat.
Your natural rate of healing is unusually fast.
You are covered in fur. (AC +1)
You have very tough skin. (AC +2)
You have large cloven feet.
You are partially covered in yellow scales. (AC +2)
You are frail. (-10% HP)
You are highly resistant to hostile enchantments. (MR++)
Your system is resistant to poisons. (rPois)
You occasionally shout uncontrollably at your foes.
Your muscles are strong. (Str +2)


Message History

You mangle the slime creature!!
You kick the slime creature, but do no damage.
The slime creature is heavily wounded.
The slime creature hits you!
* * * LOW HITPOINT WARNING * * *
The slime creature hits you!
* * * LOW HITPOINT WARNING * * *
The slime creature closely misses you.
Two slime creatures merge to form a large slime creature.
The slime creature hits you but does no damage.
A slime creature comes into view.
An azure jelly comes into view.
The azure jelly quivers. 2 slime creatures come into view.
A slime creature comes into view.
The slime creature quivers.
The slime creature quivers.
The Royal Jelly quivers.
The slime creature hits you!
You die...

#####...............
#.#.................
###...................
#.#..........J...............
###...........................
#.............................
#..........J..J...............
#........J..JJJ.............
#.........J.....@..........
#..J...............##.J..#
..................## ##.#
................### #..#
................# #.##
........## #..# .....## ##.#
.... #.J# #.##


You could see the Royal Jelly, an azure jelly, a large slime creature and 6
slime creatures.

Vanquished Creatures
  Snorg (D:10)
  An alligator (D:8)
  A death yak (Lair:2)
  The ghost of Saba the Markscentaur, a novice CeHu of Okawaru (D:8)
  A glowing orange brain (Slime:4)
  A shambling mangrove (Lair:5)
  2 shining eyes
  The ghost of Psyclone the Magician, a novice DEFE of Vehumet (D:6)
  The ghost of DarkTechnomancer the Skirmisher, a novice DgFE (D:5)
  Psyche (D:9)
  3 spiny frogs
  4 komodo dragons
  2 rime drakes (Lair:6)
  2 wandering mushrooms (Lair:5)
  A polar bear (Lair:4)
  3 jumping spiders (Lair:2)
  2 hornets (Lair:5)
  A two-headed ogre (D:8)
  2 slime creatures (Slime:5)
  5 blink frogs (Lair:6)
  3 hippogriffs
  A dream sheep (Lair:6)
  4 redbacks (Lair:2)
  A wraith (Ossuary)
  29 yaks
  3 basilisks
  3 humans (Lair:5)
  The ghost of Saba the Archer, an amateur CeHu (D:3)
  2 steam dragons (Lair:6)
  A mottled dragon (Lair:6)
  6 swamp worms (D:8)
  9 porcupines
  4 water moccasins
  A floating eye (Lair:5)
  2 black bears (D:8)
  An ice beast (D:10)
  5 orc warriors
  3 ogres
  3 sky beasts
  A necrophage (D:8)
  2 phantoms
  3 centaurs
  8 wolves
  7 crocodiles
  4 big kobolds
  6 bullfrogs
  5 scorpions
  An electric eel (D:9)
  3 howler monkeys (D:7)
  A bullfrog zombie (D:10)
  A crimson imp (D:9)
  A quasit (D:8)
  8 orc wizards
  A jelly (D:5)
  4 hounds
  3 bullfrog skeletons
  4 orc priests
  11 iguanas
  Natasha (twice) (D:2)
  4 worker ants
  2 hound skeletons
  A mummy (Ossuary)
  A worker ant zombie (D:7)
  4 gnolls (D:3)
  8 adders
  A howler monkey skeleton (D:4)
  7 river rats (D:10)
  2 shadow imps
  An adder skeleton (D:3)
  14 worms
  A dart slug (D:1)
  2 leopard geckos
  30 orcs
  A ball python (D:2)
  3 giant cockroaches
  7 goblins
  8 hobgoblins
  2 jackals (D:1)
  29 kobolds
  4 quokkas
  4 bats
  6 frilled lizards
  7 gnoll skeletons (Ossuary)
  2 goblin zombies (D:8)
  7 kobold skeletons (Ossuary)
  11 orc skeletons (Ossuary)
  7 rats
370 creatures vanquished.

Vanquished Creatures (collateral kills)
  An eye of draining (D:10)
  A worker ant (D:10)
2 creatures vanquished.

Vanquished Creatures (others)
  An iguana (Lair:6)
  2 kobolds (D:9)
  13 fungi
  6 plants
22 creatures vanquished.

Grand Total: 394 creatures vanquished

Notes
Turn   | Place    | Note
-------+----------+-------------------------------------------
     0 | D:1      | Grinner the Troll Assassin began the quest for the Orb.
     0 | D:1      | Reached XP level 1. HP: 19/19 MP: 0/0
    51 | D:1      | Reached skill level 1 in Unarmed Combat
   161 | D:1      | Reached XP level 2. HP: 22/27 MP: 1/1
   185 | D:1      | Reached skill level 2 in Unarmed Combat
   362 | D:1      | Reached XP level 3. HP: 33/33 MP: 2/2
   780 | D:2      | Reached skill level 3 in Unarmed Combat
  1072 | D:2      | Reached XP level 4. HP: 39/41 MP: 3/3
  1269 | D:2      | Noticed Natasha
  1278 | D:2      | Killed Natasha
  1278 | D:2      | Reached skill level 4 in Unarmed Combat
  1431 | D:2      | Noticed Natasha
  1439 | D:2      | Killed Natasha
  1771 | D:3      | Reached XP level 5. HP: 39/48 MP: 4/4
  1777 | D:3      | Reached skill level 5 in Unarmed Combat
  1832 | D:3      | Noticed Saba's ghost (amateur CeHu)
  1850 | D:3      | Killed Saba's ghost
  1850 | D:3      | Reached skill level 6 in Unarmed Combat
  1850 | D:3      | Reached XP level 6. HP: 5/55 MP: 5/5
  2670 | D:4      | Reached skill level 7 in Unarmed Combat
  2724 | D:4      | Reached XP level 7. HP: 45/62 MP: 6/6
  2868 | D:5      | Entered Level 5 of the Dungeon
  2918 | D:5      | Noticed DarkTechnomancer's ghost (novice DgFE)
  2927 | D:5      | Killed DarkTechnomancer's ghost
  2927 | D:5      | Reached skill level 9 in Unarmed Combat
  3129 | D:5      | Reached XP level 8. HP: 58/70 MP: 7/7
  3515 | D:5      | Found a staircase to the Ecumenical Temple.
  3888 | D:6      | Noticed a hippogriff
  3893 | D:6      | Killed a hippogriff
  3893 | D:6      | Reached skill level 10 in Unarmed Combat
  4078 | D:6      | Noticed Psyclone's ghost (novice DEFE)
  4093 | D:6      | Killed Psyclone's ghost
  4093 | D:6      | Reached skill level 11 in Unarmed Combat
  4093 | D:6      | Reached XP level 9. HP: 62/76 MP: 8/8
  5356 | D:8      | Found a sand-covered staircase.
  5372 | Ossuary  | Entered an ossuary
  5725 | D:8      | Noticed Saba's ghost (novice CeHu)
  5748 | D:8      | Killed Saba's ghost
  5748 | D:8      | Reached skill level 5 in Shields
  5949 | D:8      | Reached XP level 10. HP: 66/85 MP: 9/9
  6056 | D:8      | Reached skill level 12 in Unarmed Combat
  6186 | D:8      | Noticed an alligator
  6186 | D:8      | a swamp worm changed into an alligator
  6555 | D:9      | Noticed Psyche
  6917 | D:9      | Killed Psyche
  7284 | D:9      | Gained mutation: You are resistant to hostile enchantments. (MR+) [potion of mutation]
  7284 | D:9      | Gained mutation: You have large cloven feet. [potion of mutation]
  7284 | D:9      | Gained mutation: Your spells are a little easier to cast, but a little less powerful. [potion of mutation]
  7285 | D:9      | Gained mutation: You are frail. (-10% HP) [potion of mutation]
  7285 | D:9      | Gained mutation: You are partially covered in yellow scales. (AC +2) [potion of mutation]
  7285 | D:9      | Gained mutation: Your system is resistant to poisons. (rPois) [potion of mutation]
  7286 | D:9      | Gained mutation: You occasionally shout uncontrollably at your foes. [potion of mutation]
  7286 | D:9      | Lost mutation: Your spells are a little easier to cast, but a little less powerful. [potion of mutation]
  7319 | D:9      | Found a staircase to the Orcish Mines.
  7776 | D:8      | Killed an alligator
  7779 | D:8      | Reached XP level 11. HP: 82/82 MP: 10/10
  7912 | D:10     | Entered Level 10 of the Dungeon
  7991 | D:10     | Reached skill level 13 in Unarmed Combat
  8095 | D:10     | Found a staircase to the Lair.
  8398 | D:10     | Noticed Snorg
  8414 | D:10     | Reached skill level 10 in Shields
  8450 | D:10     | Killed Snorg
  8550 | Lair:1   | Entered Level 1 of the Lair of Beasts
  8741 | Lair:2   | Noticed a death yak
  8741 | Lair:2   | Noticed a death yak
  8741 | Lair:2   | Noticed a death yak
  8744 | Lair:2   | Noticed a death yak
  8745 | Lair:2   | Noticed a death yak
  8801 | Lair:2   | Killed a death yak
  8993 | Lair:2   | Reached XP level 12. HP: 90/90 MP: 11/11
  9346 | Lair:1   | Reached skill level 14 in Unarmed Combat
  9493 | Lair:1   | Gained mutation: Your muscles are strong. (Str +2) [potion of mutation]
  9493 | Lair:1   | Gained mutation: You are highly resistant to hostile enchantments. (MR++) [potion of mutation]
  9786 | Lair:4   | You fall through a shaft for 2 floors!
  9786 | Lair:6   | Entered Level 6 of the Lair of Beasts
 10053 | Lair:6   | Reached skill level 1 in Dodging
 10073 | Lair:6   | Reached skill level 1 in Armour
 10235 | Lair:5   | Noticed a death yak
 10235 | Lair:5   | Noticed a death yak
 10240 | Lair:5   | Noticed a death yak
 10241 | Lair:5   | Noticed a death yak
 10381 | Lair:5   | Found a staircase to the Slime Pits.
 10489 | Lair:5   | Paralysed by a floating eye for 4 turns
 10609 | Slime:1  | Entered Level 1 of the Pits of Slime
 10617 | Slime:2  | Noticed an acid blob
 10664 | Slime:3  | Noticed an acid blob
 10708 | Slime:4  | Noticed a death ooze
 10711 | Slime:5  | Entered Level 5 of the Pits of Slime
 10718 | Slime:5  | Noticed an azure jelly
 10727 | Slime:5  | Noticed an acid blob
 10728 | Slime:5  | Noticed an acid blob
 10733 | Slime:5  | Found a viscous altar of Jiyva.
 10733 | Slime:5  | Paralysed by a floating eye for 4 turns
 10734 | Slime:5  | Noticed the Royal Jelly
 10735 | Slime:5  | Noticed a great orb of eyes
 10737 | Slime:5  | Noticed an acid blob
 10737 | Slime:5  | Noticed an acid blob
 10746 | Slime:5  | HP: 2/93 [slime creature (13)]
 10751 | Slime:5  | Noticed an azure jelly
 10758 | Slime:5  | Slain by a slime creature

Skill      XL: |  1  2  3  4  5  6  7  8  9 10 11 12 |
---------------+-------------------------------------+-----
Unarmed Combat | 1 2 3 4 6 7 9 11 12 13 14 | 14.9
Shields        | 2 6 8 11 12 | 12.0
Dodging        | 2 |  2.4
Armour         | 2 |  2.6
Fighting       | 2 |  2.9
Short Blades   | |  1.5
Throwing       | |  1.7
Stealth        | |  2.1

Action                   |  1- 3 |  4- 6 |  7- 9 | 10-12 || total
-------------------------+-------+-------+-------+-------++-------
Melee: Unarmed           |   125 |   122 |   251 |   752 ||  1250
       Punch             |       |     2 |     3 |       ||     5
       Kick              |       |       |       |   192 ||   192
Evoke: Wand              |       |       |       |    34 ||    34
       Box of beasts     |       |       |       |     2 ||     2
  Use: Potion            |       |     4 |     2 |    24 ||    30
       Scroll            |       |       |    19 |    12 ||    31
 Stab: Sleeping          |     5 |     3 |     6 |     3 ||    17
       Distracted        |       |     1 |     1 |     2 ||     4
  Eat: Chunk             |    14 |    17 |    29 |    40 ||   100
Armor: Robe              |    51 |    31 |    67 |    92 ||   241
       Skin              |       |     2 |       |    59 ||    61
       Steam dragon scal |       |       |       |    17 ||    17
Dodge: Dodged            |    45 |    29 |    46 |   110 ||   230
Block: Large shield      |       |       |   107 |    23 ||   130
       Shield            |       |       |       |   302 ||   302
